 Dungeon Crawl Stone Soup version 0.27.1-33-g824d729ab1 (webtiles) character file.

Game seed: 7130467945947622945

3031 Destapler the Magician (level 9, -9/54 HPs)
             Began as a Deep Elf Ice Elementalist on Dec 20, 2021.
             Was an Initiate of Vehumet.
             Mangled by an orc warrior (24 damage)
             ... on level 6 of the Dungeon.
             The game lasted 01:05:12 (12670 turns).

Destapler the Magician (Deep Elf Ice Elementalist) Turns: 12670, Time: 01:05:12

Health: -9/54      AC:  6    Str:  5    XL:     9   Next: 56%
Magic:  17/21      EV: 14    Int: 24    God:    Vehumet [......]
Gold:   306        SH:  0    Dex: 15    Spells: 15/22 levels left

rFire    . . .     SeeInvis .   a - +3 dagger
rCold    + . .     Faith    .   (no shield)
rNeg     + . .     Spirit   .   x - +2 robe {rC+}
rPois    .         Reflect  .   (no helmet)
rElec    .         Harm     .   (no cloak)
rCorr    .         Rampage  .   g - +1 pair of gloves
Will     .....                  (no boots)
Stlth    +.........             n - amulet of magic regeneration
HPRegen  0.18/turn              l - ring of positive energy
MPRegen  0.42/turn              w - ring of wizardry

@: confused
A: no striking features
a: Renounce Religion


You were on level 6 of the Dungeon.
You worshipped Vehumet.
Vehumet was noncommittal.
You visited 2 branches of the dungeon, and saw 9 of its levels.
You also visited: Ossuary.

You collected 520 gold pieces.
You spent 214 gold pieces at shops.

Inventory:

Hand Weapons
 a - a +3 dagger (weapon)
 b - a +0 trident
Missiles
 i - 5 javelins
 p - 3 silver boomerangs
 q - 38 poisoned darts
 y - a curare-tipped dart
 D - 3 datura-tipped darts
 F - 3 boomerangs
Armour
 g - a +1 pair of gloves (worn)
 x - a +2 robe of cold resistance (worn)
Jewellery
 l - a ring of positive energy (left hand)
 n - an amulet of magic regeneration (around neck)
 t - an amulet of regeneration
 w - a ring of wizardry (right hand)
 E - an amulet of reflection
Wands
 d - a wand of paralysis (4)
 v - a wand of digging (4)
Scrolls
 f - a scroll of identify
 h - 2 scrolls of magic mapping
 m - 2 scrolls of vulnerability
 o - a scroll of fog {unknown}
 s - 2 scrolls of teleportation
 u - a scroll of immolation
 B - 2 scrolls of enchant weapon
 C - a scroll of holy word {unknown}
Potions
 c - 2 potions of mutation
 e - 2 potions of lignification
 j - 2 potions of might
 k - 5 potions of curing
 r - 2 potions of flight
 z - 3 potions of brilliance
 A - a potion of cancellation
 G - a potion of heal wounds


   Skills:
 - Level 5.0 Fighting
 + Level 6.9 Short Blades
 - Level 2.0 Throwing
 - Level 2.0 Armour
 - Level 5.0 Dodging
 - Level 6.0 Stealth
 + Level 0.1 Shields
 + Level 7.0 Spellcasting
 * Level 0.6 Conjurations
 - Level 6.0 Ice Magic
 - Level 3.0 Evocations


You had 15 spell levels left.
You knew the following spells:

 Your Spells              Type           Power      Damage    Failure   Level
a - Ozocubu's Armour      Ice            37%        N/A       1%          3
b - Freeze                Ice            100%       1d11      1%          1
c - Frozen Ramparts       Ice            74%        1d9       1%          3

Your spell library contained the following spells:

 Spells                   Type           Power      Damage    Failure   Level
 Hailstorm                Conj/Ice       24%        3d7       8%          4


Dungeon Overview and Level Annotations

Branches:
Dungeon (8/15)             Temple (1/1) D:7         Ossuary (visited)
   Lair: D:8-11

Altars:
Ashenzari
Cheibriados
Dithmenos
Elyvilon
Gozag
Hepliaklqana
Kikubaaqudgha
Makhleb
Okawaru
Qazlal
Ru
Trog
Vehumet
Wu Jian
Xom
Yredelemnul
Zin
The Shining One

Shops:
D:1 *   D:7 *

Annotations:
D:7 1 runed translucent door, Crazy Yiuf


Message History

Casting: Ozocubu's Armour (safe; 1% risk of failure)
Confirm with . or Enter, or press ? or * to list all spells.
Casting: Frozen Ramparts (safe; 1% risk of failure)
Press: ? - help, Dir - look around, f - activate The walls around you are covered in ice.
The orc warrior shouts!
The orc priest shouts!
An orc comes into view. It is wielding a +0 dagger.
The wall freezes the orc warrior!
The orc warrior hits you with a +0 glaive!
You freeze the orc warrior.
The orc warrior is moderately wounded.
An orc comes into view. It is wielding a +0 mace.
The orc wizard casts a spell at you.
You are confused.
The wall freezes something.
The wall freezes the orc warrior.
The orc warrior closely misses you.
The orc shouts!
You're too confused to cast spells.
Unknown command.
You are too confused!
Your icy armour and frozen ramparts will break if you move.
Continue?
Okay, then.
You're too confused to attack without stumbling around!
Your icy armour and frozen ramparts will break if you move.
Continue?
You miss the orc warrior.
The orc warrior is heavily wounded.
The orc wizard gestures at you while chanting.
The magic dart hits you but does no damage.
Your icy armour and frozen ramparts will break if you move.
Continue?
Your icy armour cracks and falls away as you move.
The frozen ramparts melt away as you move.
The orc warrior hits you with a +0 glaive!
* * * LOW HITPOINT WARNING * * *
You bump into the rock wall.
The orc warrior barely misses you.
You hear some strange, mumbled words.
A magic dart appears from out of thin air!
The magic dart hits you!
* * * LOW HITPOINT WARNING * * *
The orc warrior hits you from afar with a +0 glaive!!
You die... .o .oo

#.##
##.o..###################
....o....................
##....######.#########..#
......Z.@................
......o{########.######..
.#....#.# #.# ##.
....#.#o# #.# #. ### #
#.# #.# #. #..
######.##### ## ###
#..........####
#............##
#.....#......##


You could see an orc warrior, an orc and a water moccasin zombie.

Vanquished Creatures
  Joseph (D:7)
  Sigmund (D:6)
  A wyvern (D:6)
  Duvessa (D:5)
  3 necrophages
  2 ogres (D:5)
  A centaur (D:5)
  3 elf zombies (Ossuary)
  A kobold brigand (D:7)
  2 scorpions (D:5)
  Dowan (D:5)
  4 elf skeletons (D:5)
  2 howler monkeys (D:7)
  A bullfrog zombie (D:6)
  6 centaur zombies
  A human zombie (D:5)
  2 bullfrog skeletons
  4 orc priests
  3 hounds (D:6)
  2 iguanas
  6 orc wizards
  2 hound zombies (Ossuary)
  3 mummies (Ossuary)
  Robin (D:2)
  4 gnolls
  3 adders
  2 white imps (D:5)
  An ufetubus (D:5)
  7 adder zombies (Ossuary)
  An adder skeleton (D:4)
  4 worms
  2 dart slugs
  22 orcs
  5 bats
  7 endoplasms
  7 giant cockroaches
  14 goblins
  8 hobgoblins
  2 jackals (D:2)
  2 quokkas (D:1)
  4 ball pythons
  4 frilled lizards
  3 gnoll zombies (Ossuary)
  2 goblin zombies (Ossuary)
  A hobgoblin zombie (Ossuary)
  4 jackal zombies (Ossuary)
  9 kobolds
  3 kobold zombies (Ossuary)
  An orc skeleton (D:5)
  An orc zombie (Ossuary)
  3 quokka zombies (Ossuary)
  7 rats
  4 rat zombies (Ossuary)
191 creatures vanquished.

Notes
Turn   | Place    | Note
-------+----------+-------------------------------------------
     0 | D:1      | Destapler the Deep Elf Ice Elementalist began the quest for
                  | the Orb.
     0 | D:1      | Reached XP level 1. HP: 10/10 MP: 6/6
   532 | D:1      | Reached XP level 2. HP: 14/15 MP: 4/8
  1052 | D:1      | Found Bauheini's Assorted Antiques.
  1177 | D:2      | Noticed Robin
  1193 | D:1      | Reached XP level 3. HP: 12/19 MP: 5/9
  2205 | D:1      | Reached skill level 1 in Fighting
  2205 | D:1      | Reached XP level 4. HP: 10/25 MP: 8/11
  3020 | D:1      | Reached skill level 4 in Spellcasting
  3024 | D:1      | Learned a level 3 spell: Ozocubu's Armour
  3338 | D:1      | Bought a scroll labelled ONYELU JAHUARA for 23 gold pieces
  3338 | D:1      | Bought a scroll labelled ONYELU JAHUARA for 23 gold pieces
  3338 | D:1      | Bought a scroll labelled ZYLAEG VEOLOUKAF for 23 gold
                  | pieces
  3349 | D:2      | Killed Robin
  3359 | D:2      | Reached XP level 5. HP: 11/29 MP: 7/13
  3629 | D:2      | Reached skill level 5 in Ice Magic
  3677 | D:2      | Found a burning altar of Makhleb.
  4568 | D:3      | Noticed a necrophage
  4591 | D:3      | Killed a necrophage
  4592 | D:3      | Reached skill level 1 in Short Blades
  4592 | D:3      | Reached skill level 1 in Throwing
  4592 | D:3      | Reached XP level 6. HP: 20/34 MP: 14/14
  6540 | D:5      | Entered Level 5 of the Dungeon
  6626 | D:5      | Found a sand-covered staircase.
  6665 | D:5      | Reached skill level 5 in Spellcasting
  6903 | Ossuary  | Entered an ossuary
  6973 | Ossuary  | Learned a level 3 spell: Frozen Ramparts
  7555 | Ossuary  | Reached XP level 7. HP: 40/40 MP: 16/16
  7973 | Ossuary  | Reached skill level 1 in Evocations
  8256 | Ossuary  | Reached skill level 1 in Armour
  8772 | D:5      | Reached XP level 8. HP: 44/45 MP: 18/18
  8819 | D:5      | Noticed Dowan
  8821 | D:5      | Noticed Duvessa
  9205 | D:5      | Reached skill level 5 in Stealth
  9343 | D:5      | Reached skill level 5 in Dodging
  9389 | D:5      | Reached skill level 6 in Spellcasting
  9900 | D:1      | Bought a runed robe for 85 gold pieces
  9914 | D:1      | Bought a fuming orange potion for 20 gold pieces
  9914 | D:1      | Bought a bubbling white potion for 20 gold pieces
  9914 | D:1      | Bought a metallic pink potion for 20 gold pieces
  9995 | D:5      | You fall into a shaft and drop 3 floors!
 10607 | D:7      | You fall into a shaft and drop 1 floor!
 10636 | D:7      | Found Ibicoih's General Store.
 10669 | D:6      | Noticed Sigmund
 10685 | D:6      | Reached skill level 5 in Short Blades
 10685 | D:6      | Killed Sigmund
 10686 | D:6      | Reached XP level 9. HP: 19/52 MP: 17/20
 11187 | D:5      | Killed Duvessa
 11204 | D:5      | Killed Dowan
 11479 | D:5      | Found a hazy altar of Hepliaklqana.
 11597 | D:5      | Found a sacrificial altar of Ru.
 12162 | D:7      | Noticed Joseph
 12169 | D:7      | Killed Joseph
 12170 | D:7      | Reached skill level 5 in Fighting
 12180 | D:7      | Found a staircase to the Ecumenical Temple.
 12189 | Temple   | Entered the Ecumenical Temple
 12234 | Temple   | Became a worshipper of Vehumet
 12357 | D:7      | Found a runed translucent door.
 12358 | D:7      | Noticed Crazy Yiuf
 12560 | D:6      | Reached skill level 7 in Spellcasting
 12575 | D:6      | Found a white marble altar of Elyvilon.
 12670 | D:6      | Mangled by an orc warrior

Illustrated notes

Levels and vault maps discovered:
D:1:      dpeg_arrival_simpleton_a, layout_loops_ring, serial_shops, shop,
          hangedman_decor_points
D:2:      layout_rooms, basic_altar, uniq_robin
D:3:      layout_loops_corners, eino_tiny_chamber,
          amcnicky_mini_rare_corridor_liquid, hex_large
D:4:      layout_loops_ring, serial_bayou_pond_c,
          minmay_misc_feat_secret_circle, fountainhead,
          corexii_leaking_fountain, minmay_pentangle
D:5:      kennysheep_six_static_rooms, layout_basic,
          mainiacjoe_overflow_alcove_1, mainiacjoe_overflow_small_starburst,
          nicolae_ossuary_entry_catacombs, uniq_duvessa
D:6:      layout_basic, elyvilon_altar_4, uniq_sigmund, uniq_maggie
D:7:      layout_loops_ring, minmay_temple_entry_wispy, serial_shops,
          shop_coins, nicolae_sextant, minmay_misc_feat_tower,
          uniq_crazy_yiuf_cottage, uniq_joseph
D:8:      layout_loops_ring
Temple:   minmay_freezing_vapour_temple

Skill      XL: |  1  2  3  4  5  6  7  8  9 |
---------------+----------------------------+-----
Stealth        | 3 4 6 |  6.0
Dodging        | 3 4 5 |  5.0
Fighting       | 1 2 4 5 |  5.0
Spellcasting   | 4 5 6 7 |  7.0
Ice Magic      | 5 6 |  6.0
Short Blades   | 1 3 5 6 |  6.9
Throwing       | 1 2 |  2.0
Evocations     | 1 3 |  3.0
Armour         | 1 2 |  2.0
Shields        | |  0.1
Conjurations   | |  0.6

Action                   |  1- 3 |  4- 6 |  7- 9 || total
-------------------------+-------+-------+-------++-------
Melee: Unarmed           |     7 |       |       ||     7
       Trident           |    38 |     8 |       ||    46
       Dagger            |       |   220 |   493 ||   713
Throw: Javelin           |     2 |    10 |    12 ||    24
       Dart              |       |     9 |    17 ||    26
       Boomerang         |       |       |    15 ||    15
 Cast: Freeze            |    56 |    71 |    23 ||   150
       Ozocubu's Armour  |       |    19 |    42 ||    61
       Frozen Ramparts   |       |       |    15 ||    15
Evoke: Wand              |       |     4 |     3 ||     7
  Use: Scroll            |       |    11 |    11 ||    22
       Potion            |       |       |     2 ||     2
 Stab: Sleeping          |     3 |     8 |    14 ||    25
       Distracted        |     1 |       |       ||     1
       Paralysed         |       |       |     1 ||     1
Armor: Robe              |    17 |    75 |   159 ||   251
Dodge: Dodged            |    75 |   146 |   260 ||   481
